 Dungeon Crawl Stone Soup version 0.29.1-1-gd02db6906a (webtiles) character file.

Game seed: 7367084337473828771

1479 JasonVoorhees the Ruffian (level 8, -2/74 HPs)
             Began as a Troll Gladiator on Oct 19, 2022.
             Was an Initiate of Vehumet.
             Killed from afar by Dowan (9 damage)
             ... with a stone arrow
             ... on level 4 of the Dungeon.
             The game lasted 00:15:55 (1942 turns).

JasonVoorhees the Ruffian (Troll Gladiator)         Turns: 1942, Time: 00:15:55

Health: -2/74      AC:  4    Str: 23    XL:     8   Next: 50%
Magic:  9/9        EV: 11    Int:  6    God:    Vehumet [......]
Gold:   75         SH:  0    Dex: 11    Spells: 4/10 levels left

rFire   . . .      SeeInvis .   f - +2 trident (venom)
rCold   . . .      Faith    .   (no shield)
rNeg    . . .      Spirit   .   a - +0 robe
rPois   .          Reflect  .   b - +0 hat
rElec   +          Harm     .   (no cloak)
rCorr   .          Rampage  .   (gloves unavailable)
Will    .....                   (boots unavailable)
Stlth   ++........              d - amulet "Trusted Companion" {RegenMP rElec}
HPRegen 1.02/turn               (no ring)
MPRegen 0.51/turn               (no ring)

@: no status effects
A: large, unfitting armour, claws 3, regeneration 1, shaggy fur 1, tough skin 1
a: Renounce Religion


You were on level 4 of the Dungeon.
You worshipped Vehumet.
Vehumet was noncommittal.
You visited 1 branch of the dungeon, and saw 4 of its levels.
You also visited: Sewer.

You collected 75 gold pieces.

Inventory:

Hand Weapons
 c - a +1 vorpal falchion
 f - a +2 trident of venom (weapon)
 o - a +1 flail of holy wrath
Missiles
 e - a silver boomerang (quivered)
 j - 4 curare-tipped darts
Armour
 a - a +0 robe (worn)
 b - a +0 hat (worn)
Jewellery
 d - the amulet "Trusted Companion" (around neck) {RegenMP rElec}
   (You took it off an orc wizard on level 4 of the Dungeon)

   [amulet of magic regeneration]

   It increases your rate of magic regeneration.
   rElec:     It insulates you from electricity.
Wands
 h - a wand of flame (7)
Scrolls
 k - a scroll of summoning {unknown}
 m - a scroll of blinking {unknown}
Potions
 l - a potion of heal wounds {unknown}
 n - a potion of might {unknown}
 p - a potion of haste {unknown}


   Skills:
 * Level 2.8 Fighting
 * Level 1.0(1.1) Maces & Flails
 * Level 1.0 Polearms
 * Level 0.5(1.1) Staves
 * Level 3.1 Throwing
 * Level 2.1 Armour
 * Level 4.2 Dodging
 * Level 1.4 Stealth
 * Level 6.3 Unarmed Combat
 * Level 1.6 Spellcasting
 * Level 0.5 Hexes
 * Level 0.6 Summonings
 * Level 0.6 Translocations
 * Level 2.0 Evocations


You had 4 spell levels left.
You knew the following spells:

 Your Spells              Type           Power      Damage    Failure   Level
a - Call Canine Familiar  Summ           1%         N/A       69%         3
b - Portal Projectile     Hex/Tloc       2%         N/A       71%         3

Your spell library contained the following spells:

 Spells                   Type           Power      Damage    Failure   Level
 Leda's Liquefaction      Hex/Erth       0%         N/A       98%         4


Dungeon Overview and Level Annotations

Branches:
Dungeon (4/15)              Sewer (visited)
 Temple: D:4-7

Altars:
Vehumet

Annotations:
D:4 Dowan


Innate Abilities, Weirdness & Mutations

You are too large for most types of armour.
You have claws for hands.
Your natural rate of healing is unusually fast.
You are covered in fur. (AC +1)
You have tough skin. (AC +1)


Message History

* * * LOW HITPOINT WARNING * * *
Duvessa hits you with a +0 rapier!
* * * LOW HITPOINT WARNING * * *
Duvessa attacks as you move away! Duvessa hits you with a +0 rapier.
* * * LOW HITPOINT WARNING * * *
Duvessa hits you with a +0 rapier!
* * * LOW HITPOINT WARNING * * *
It was a potion of curing.
You feel better. Duvessa hits you with a +0 rapier!
* * * LOW HITPOINT WARNING * * *
Duvessa closely misses you.
You feel better. Duvessa closely misses you. Duvessa attacks as you move away!
Duvessa hits you with a +0 rapier.
* * * LOW HITPOINT WARNING * * *
Dowan casts a spell.
Dowan blinks!
Duvessa completely misses you.
Duvessa is no longer moving quickly.
You closely miss Duvessa. You claw Duvessa.
You kill Duvessa!
Vehumet accepts your kill.
Dowan's eyes darken. "You have made a black mistake."
Dowan seems to find hidden reserves of power!
Your Maces & Flails skill increases to level 1!
Your Polearms skill increases to level 1!
Your Evocations skill increases to level 2!
Press: ? - help, v - describe, . - travel The floor.
You barely miss Dowan. Dowan casts a spell at you. The stone arrow misses you.
Dowan hits you but does no damage.
You hit Dowan.
Dowan is poisoned.
Dowan is lightly wounded.
Dowan hits you with a +0 dagger.
* * * LOW HITPOINT WARNING * * *
Dowan hits you with a +0 dagger.
* * * LOW HITPOINT WARNING * * *
You hit Dowan but do no damage.
Dowan looks even sicker.
Dowan is lightly wounded.
Dowan points at you and mumbles some strange words.
The stone arrow hits you!
You die...

.# #.####### .#
#.......# .#
#######.# .# #.# .#
#.# ## #.# #####
####÷# ....# #....#
###.# #@#### ###.#
#e#
...#############.#
.).#~)~#~÷~§~~#..###
).~#~#~#~######....#
..†#)#~#~#~~~~####.#
.~~~~#~~~~~# #.#
..~#)#~###########.#
..~~~#~~~~~~~~#....#


You could see Dowan (fast, very poisoned).

Vanquished Creatures
  Sigmund (D:4)
  Eustachio (D:4)
  Edmund (D:4)
  Duvessa (D:4)
  A phantom (D:4)
  8 kobold brigands (Sewer)
  A howler monkey (D:4)
  A gnoll bouda (D:4)
  2 orc wizards (D:4)
  Ijyb (D:4)
  3 gnolls (D:4)
  11 adders
  A river rat (Sewer)
  4 worms
  5 orcs
  2 endoplasms
  A hobgoblin (D:4)
  3 jackals (D:4)
  3 quokkas
  11 ball pythons
  6 kobolds
  6 rats
74 creatures vanquished.

Vanquished Creatures (others)
  An orc wizard (D:4)
  3 plants (D:4)
4 creatures vanquished.

Grand Total: 78 creatures vanquished

Notes
Turn   | Place    | Note
-------+----------+-------------------------------------------
     0 | D:1      | JasonVoorhees the Troll Gladiator began the quest for the
                  | Orb.
     0 | D:1      | Reached XP level 1. HP: 19/19 MP: 0/0
   161 | D:3      | Reached XP level 2. HP: 28/28 MP: 1/1
   257 | D:4      | Found a radiant altar of Vehumet.
   259 | D:4      | Noticed a phantom
   274 | D:4      | Killed a phantom
   275 | D:4      | Reached XP level 3. HP: 27/35 MP: 2/2
   275 | D:4      | Reached XP level 4. HP: 33/42 MP: 3/3
   320 | D:4      | Reached skill level 4 in Unarmed Combat
   356 | D:4      | Reached XP level 5. HP: 37/49 MP: 4/4
   371 | D:4      | Found a glowing drain.
   382 | Sewer    | Entered a sewer
   442 | Sewer    | Reached skill level 1 in Armour
   514 | Sewer    | Reached XP level 6. HP: 43/57 MP: 5/5
   680 | Sewer    | Reached skill level 1 in Evocations
   704 | Sewer    | Reached skill level 5 in Unarmed Combat
   708 | Sewer    | Reached skill level 1 in Stealth
   708 | Sewer    | Reached skill level 1 in Spellcasting
   708 | Sewer    | Reached XP level 7. HP: 65/66 MP: 7/7
   715 | Sewer    | Learned a level 3 spell: Call Canine Familiar
   719 | Sewer    | Learned a level 3 spell: Portal Projectile
  1146 | D:4      | Noticed Edmund
  1165 | D:4      | Killed Edmund
  1215 | D:4      | Noticed Eustachio
  1219 | D:4      | Noticed Duvessa
  1224 | D:4      | Noticed Dowan
  1241 | D:4      | Killed Eustachio
  1242 | D:4      | Reached skill level 6 in Unarmed Combat
  1242 | D:4      | Reached XP level 8. HP: 29/74 MP: 8/8
  1288 | D:4      | Identified the amulet "Trusted Companion" {RegenMP rElec}
  1474 | D:4      | Became a worshipper of Vehumet
  1523 | D:4      | Noticed Ijyb
  1541 | D:4      | Killed Ijyb
  1561 | D:4      | Noticed Sigmund
  1582 | D:4      | Killed Sigmund
  1930 | D:4      | HP: 2/74 [Duvessa/+0 rapier (8)]
  1939 | D:4      | Killed Duvessa
  1940 | D:4      | Reached skill level 1 in Maces & Flails
  1940 | D:4      | Reached skill level 1 in Polearms
  1942 | D:4      | Killed from afar by Dowan

Illustrated notes

Levels and vault maps discovered:
D:1:      dpeg_arrival_prison, layout_basic,
          shapermc_ecumenical_altar_starsandcircs, st_stairs_12
D:2:      layout_rooms
D:3:      layout_basic, supply_closet_lemuel
D:4:      layout_loops_ring, vehumet_altar_wand_db, lightli_sewer_entry_pipes,
          serial_bayou_crossing, uniq_ijyb, uniq_edmund, uniq_sigmund,
          uniq_duvessa, uniq_eustachio

Skill      XL: |  1  2  3  4  5  6  7  8 |
---------------+-------------------------+-----
Fighting       | 2 |  2.8
Throwing       | 2 3 |  3.1
Dodging        | 3 4 |  4.2
Unarmed Combat | 4 5 6 |  6.3
Armour         | 1 2 |  2.1
Evocations     | 1 2 |  2.0
Stealth        | 1 |  1.4
Spellcasting   | 1 |  1.6
Maces & Flails | 1 |  1.0
Polearms       | 1 |  1.0
Staves         | |  0.5
Hexes          | |  0.5
Summonings     | |  0.6
Translocations | |  0.6

Action                   |  1- 3 |  4- 6 |  7- 9 || total
-------------------------+-------+-------+-------++-------
Melee: Unarmed           |    51 |    35 |    65 ||   151
       Punch             |       |     1 |     8 ||     9
       Trident           |       |       |    47 ||    47
Throw: Throwing net      |     2 |       |     2 ||     4
       Large rock        |       |       |     1 ||     1
Evoke: Wand              |       |    17 |    10 ||    27
  Use: Scroll            |     1 |     1 |     3 ||     5
       Potion            |     1 |       |     2 ||     3
Armor: Robe              |    13 |     8 |    29 ||    50
Dodge: Dodged            |    23 |    16 |    64 ||   103
